Map: Prion Terraces

Players

lIIIllIIllII

  • Race: Protoss Protoss
  • League: Platinum

ILLBdA - Winner!

  • Race: Protoss Protoss
  • League: Diamond

VOD

Have the link to the VOD?

Description

Time

  • Played on: Dec. 17, 2015, 10:48 a.m.
  • Length: 11:31
Show
View Real Time Build Order
Export as new Build Order

lIIIllIIllII Protoss 

Build Orders:  

Get SALT Encoding   

  12  0:01  Probe (Chrono Boost)  
  13  0:12  Probe (Chrono Boost)  
  14  0:20  Pylon  
  14  0:22  Probe (Chrono Boost)  
  15  0:38  Probe (Chrono Boost)  
  15  0:40  Gateway  
  16  0:44  Assimilator  
  16  0:49  Probe (Chrono Boost)  
  17  0:59  Probe (Chrono Boost)  
  18  1:10  Probe (Chrono Boost)  
  19  1:20  Probe (Chrono Boost)  
  20  1:27  Zealot (Chrono Boost)  
  20  1:31  Probe (Chrono Boost)  
  20  1:32  Pylon  
  23  2:05  Zealot (Chrono Boost)  
Show
View Real Time Build Order
Export as new Build Order

ILLBdA Protoss - Winner!

Build Orders: Cannon Rush 

Get SALT Encoding   

  12  0:01  Probe (Chrono Boost)  
  13  0:11  Probe (Chrono Boost)  
  14  0:21  Pylon  
  14  0:22  Probe (Chrono Boost)  
  15  0:39  Probe (Chrono Boost), Forge  
  16  0:49  Probe (Chrono Boost)  
  17  1:15  Pylon  
  17  1:16  Pylon  
  17  1:17  Pylon  
  17  1:34  Photon Cannon  
  17  1:42  Pylon, Photon Cannon  
  17  1:47  Photon Cannon  
  17  1:49  Pylon  
  17  2:00  Photon Cannon  
  17  2:07  Photon Cannon  
  17  2:12  Photon Cannon  
  17  2:25  Photon Cannon  
Tags
 
Matchup
PvP
Replay Pack
me
Add a new tag
Caveats
  • Supply blocks, unpowered buildings, or Contaminate may cause inaccurate times.
  • Supply counts are checked every 10 seconds.